 Dungeon Crawl Stone Soup version 0.21-a0-581-gb7d493ddfc (webtiles) character file.

4 Banto the Magician (level 1, 0/14 HPs)
             Began as a Demigod Wanderer on Dec 19, 2017.
             Slain by an ooze (3 damage)
             ... on level 1 of the Dungeon.
             The game lasted 00:00:26 (139 turns).

Banto the Magician (Demigod Wanderer)                Turns: 139, Time: 00:00:27

Health: 0/14       AC:  2    Str: 16    XL:     1   Next: 40%
Magic:  8/8        EV: 11    Int: 15    God:
Gold:   7          SH:  0    Dex: 15    Spells: 9/9 levels left

rFire    . . .     SeeInvis .   d - +0 club
rCold    . . .     Gourm    .   (no shield)
rNeg     . . .     Faith    .   c - +0 robe
rPois    .         Spirit   .   (no helmet)
rElec    .         Reflect  .   (no cloak)
rCorr    .         Harm     .   (no gloves)
MR       .....                  (no boots)
Stlth    +.........             (no amulet)
HPRegen  0.04/turn              (no ring)
MPRegen  0.11/turn              (no ring)

@: no status effects
A: high mp 1
a: no special abilities


You were on level 1 of the Dungeon.
You were not hungry.

You visited 1 branch of the dungeon, and saw 1 of its levels.

You collected 7 gold pieces.

Inventory:

Hand Weapons
 d - a +0 club (weapon)
Armour
 c - a +0 robe (worn)
Potions
 b - 2 potions of lignification
 e - a potion of brilliance {unknown}
Books
 a - a book of Minor Magic

   Spells                             Type                      Level
   a - Magic Dart                     Conjuration                  1
   b - Blink                          Translocation                2
   c - Call Imp                       Summoning                    2
   d - Slow                           Hexes                        2
   e - Conjure Flame                  Conjuration/Fire             3
   f - Mephitic Cloud                 Conjuration/Poison/Air       3
Comestibles
 f - 2 rations


   Skills:
   Level 1.0 Shields
 + Level 4.6 Spellcasting
   Level 1.0 Necromancy
   Level 1.0 Translocations
   Level 1.0 Ice Magic
   Level 1.0 Evocations


You had 9 spell levels left.
You didn't know any spells.

Dungeon Overview and Level Annotations

Branches:
Dungeon (1/15)


Innate Abilities, Weirdness & Mutations

You have an increased reservoir of magic. (+10% MP)


Message History

Found a ration.
The ooze barely misses you. The ooze hits you.
You take 3 damage, and have 9/14 hp.
MASSIVE DAMAGE!!
The ooze barely misses you.
You see here a ring mail.
The ooze hits you.
You take 3 damage, and have 6/14 hp.
MASSIVE DAMAGE!!
The ooze closely misses you.
You see here a ring mail.
The ooze hits you but does no damage. The ooze hits you but does no damage.
You see here a ring mail.
The ooze hits you.
* * * LOW HITPOINT WARNING * * *
You take 3 damage, and have 3/14 hp.
MASSIVE DAMAGE!!
The ooze barely misses you.
You see here a ring mail.
The ooze hits you.
You die...

#......##..##.#
..............#####.
#......######.#..#..
.....(........##.#.#
#############.##.#.#
#....##.#.#
#...###.#.# #...#
#.#.# #...# #@[.#
#### ####...# ##J.#
....###......# #..#
.........##.##
##..## #.......##.#
##....# ##......##.#
#.†##..#
##......#.###.## #.#
#...)#...##..# .#
#.....#..##.## .#


You could see an ooze.

Vanquished Creatures
  A goblin (D:1)
  A hobgoblin (D:1)
  2 rats (D:1)
4 creatures vanquished.

Notes
Turn   | Place    | Note
-------+----------+-------------------------------------------
     0 | D:1      | Banto the Demigod Wanderer began the quest for the Orb.
     0 | D:1      | Banto set off with: a book of Minor Magic, 2 potions of lignification, a +0 robe, a +0 club, a ration
     0 | D:1      | Reached XP level 1. HP: 14/14 MP: 8/8
   139 | D:1      | Slain by an ooze

Vault maps used:
D:1:      dpeg_arrival_line_fractal, corexii_item_surrounded_by_moat,
          xom_teletrap_fun

Action                   || total
-------------------------++-------
Melee: Club              ||    12
Armor: Robe              ||     4
Dodge: Dodged            ||    12

Table legend:
 A = Spawn XP
 B = Non-spawn XP
 C = Spawn XP percentage of total XP
 D = Spawn monster count
 E = Non-spawn monster count
 F = Spawn count percentage of total count
 G = Total turns spent on level
                    A         B        C        D         E        F      G
               +---------+---------+-------+---------+---------+-------+---------
         Total |       0 |       6 |   0.0 |       0 |       4 |   0.0 |   139
               +---------+---------+-------+---------+---------+-------+---------
           D:1 |       0 |       6 |   0.0 |       0 |       4 |   0.0 |   139
               +---------+---------+-------+---------+---------+-------+---------

Table legend:
 A = Turns spent in this place as a percentage of turns spent in the entire game.
 B = Non-inter-level travel turns spent in this place as a percentage of non-inter-level travel turns spent in the entire game.
 C = Inter-level travel turns spent in this place as a percentage of turns spent in this place.
 D = Turns resting spent in this place as a percentage of non-inter-level travel turns spent in this place.
 E = Turns spent auto-exploring this place as a percentage of non-inter-level travel turns spent in this place.
 F = Non-inter-level travel turns spent in this place divided by the number of levels of this place that you've seen.
                   A       B       C       D       E      F
               +-------+-------+-------+-------+-------+----------------------
         Total | 100.0 | 100.0 |   0.0 |  45.3 |  25.9 | 139.0
       Dungeon | 100.0 | 100.0 |   0.0 |  45.3 |  25.9 | 139.0
               +-------+-------+-------+-------+-------+----------------------

Table legend:
 A = Kills in this place as a percentage of kills in entire the game.
 B = Kills by you in this place as a percentage of kills by you in the entire game.
 C = Kills by friends in this place as a percentage of kills by friends in the entire game.
 D = Other kills in this place as a percentage of other kills in the entire game.
 E = Experience gained in this place as a percentage of experience gained in the entire game.
 F = Experience gained in this place divided by the number of levels of this place that you have seen.
                   A       B       C       D       E      F
               +-------+-------+-------+-------+-------+----------------------
         Total | 100.0 | 100.0 |   N/A |   N/A | 100.0 |   6.0
       Dungeon | 100.0 | 100.0 |   N/A |   N/A | 100.0 |   6.0
               +-------+-------+-------+-------+-------+----------------------
